SL
D.C. DIVIDED @ MISSISSIPPI MOCKINGBIRDS
05/26/2042
 
TOP OF THE 1ST
D.C. Divided batting - Pitching for Mississippi Mockingbirds : RHP Todd Denton
Pitching: RHP Todd Denton
Batting: RHB Kimi Okubo 0-0: Ball
1-0: Called Strike
1-1: Ball
2-1: Ball
3-1: Foul Ball, location: 2F
3-2: Base on Balls
Batting: LHB Bill Butler 0-0: Ball
1-0: Called Strike
1-1: Ball
2-1: Foul Ball, location: 2F
2-2: Ball
3-2: Strikes out swinging
Kimi Okubo steals 2nd base
Batter strikes out.
Batting: RHB Francisco Alhama 0-0: Foul Ball, location: 2F
0-1: Called Strike
0-2: Ball
1-2: Ball
2-2: Strikes out swinging
Batting: LHB Manuel Carmona 0-0: Foul Ball, location: 2F
0-1: Fly out, F7 (Flyball, 7, EV 80.0 MPH)
Top of the 1st over - 0 runs, 0 hits, 0 errors, 1 left on base; D.C. 0 - Mississippi 0
BOTTOM OF THE 1ST
Mississippi Mockingbirds batting - Pitching for D.C. Divided : RHP Kyuichi Hori
Pitching: RHP Kyuichi Hori
Batting: RHB Quinn Albracht 0-0: Foul Ball, location: 2F
0-1: Foul Ball, location: 2F
0-2: SINGLE (Groundball, 56D, EV 103.1 MPH)
Batting: LHB Rylen Roersma 0-0: Called Strike
0-1: Ball
1-1: Grounds into double play, 6-4-3 (Groundball, 6, EV 108.1 MPH)
Batting: RHB Dean Shamakani 0-0: Ball
1-0: Reached via error on a dropped throw from P, E3 (Groundball, 13S, EV 70.0 MPH)
Batting: RHB Júlio Coronado 0-0: Called Strike
0-1: Ball
1-1: Ball
2-1: Swinging Strike
2-2: Foul Ball, location: 2F
2-2: Fly out, F3 (Popup, 3SF, EV 70.0 MPH)
Bottom of the 1st over - 0 runs, 1 hit, 1 error, 1 left on base; D.C. 0 - Mississippi 0
TOP OF THE 2ND
D.C. Divided batting - Pitching for Mississippi Mockingbirds : RHP Todd Denton
Batting: SHB Billy Dotson 0-0: Called Strike
0-1: Ground out U3 (Groundball, 3, EV 90.0 MPH)
Batting: RHB Martín Chávez 0-0: Called Strike
0-1: Swinging Strike
0-2: Ball
1-2: Ball
2-2: Ball
3-2: Foul Ball, location: 2F
3-2: Foul Ball, location: 2F
3-2: Strikes out swinging
Batting: LHB Stanley Zijm 0-0: Ball
1-0: Foul Ball, location: 2F
1-1: Called Strike
1-2: Foul Ball, location: 2F
1-2: Foul Ball, location: 2F
1-2: Ball
2-2: Strikes out looking
Top of the 2nd over - 0 runs, 0 hits, 0 errors, 0 left on base; D.C. 0 - Mississippi 0
BOTTOM OF THE 2ND
Mississippi Mockingbirds batting - Pitching for D.C. Divided : RHP Kyuichi Hori
Batting: LHB Seb Blanch 0-0: Swinging Strike
0-1: Ball
1-1: Ball
2-1: Ball
3-1: Foul Ball, location: 2F
3-2: Foul Ball, location: 2F
3-2: Strikes out swinging
Batting: RHB Doug Allerdale 0-0: Ball
1-0: Ground out 5-3 (Groundball, 5S, EV 75.0 MPH)
Batting: LHB Riley Rowbery 0-0: Foul Ball, location: 2F
0-1: Called Strike
0-2: Ball
1-2: SINGLE (Flyball, 7LS, EV 89.4 MPH)
Batting: RHB Jorge Muńóz 0-0: Fly out, F5 (Popup, 15, EV 82.5 MPH)
Bottom of the 2nd over - 0 runs, 1 hit, 0 errors, 1 left on base; D.C. 0 - Mississippi 0
TOP OF THE 3RD
D.C. Divided batting - Pitching for Mississippi Mockingbirds : RHP Todd Denton
Batting: RHB Layton Arntsen 0-0: Ball
1-0: Ball
2-0: Called Strike
2-1: Ball
3-1: Foul Ball, location: 2F
3-2: DOUBLE (Line Drive, 8LXD, EV 102.5 MPH)
Batting: LHB Buddy Patton 0-0: Called Strike
0-1: Called Strike
0-2: Ball
1-2: Ball
2-2: SINGLE (Groundball, 6D, EV 106.9 MPH)
Layton Arntsen to third
Runner from 3rd tries for Home, throw by CF and OUT! 8-2
Batting: RHB Kimi Okubo 0-0: Foul Ball, location: 2F
0-1: Foul Ball, location: 2F
0-2: Ball
1-2: Ball
2-2: Ball
3-2: Foul Ball, location: 2F
3-2: SINGLE (Flyball, 78M, EV 89.4 MPH)
Buddy Patton to second
Batting: LHB Bill Butler 0-0: Ball
1-0: Called Strike
1-1: Ball
2-1: SINGLE (Groundball, 34D, EV 94.4 MPH)
Buddy Patton to third
Kimi Okubo to second
Runner from 3rd tries for Home, SAFE, no throw by RF
Batting: RHB Francisco Alhama 0-0: Foul Ball, location: 2F
0-1: Ball
1-1: Fly out, F8 (Line Drive, 8LM, EV 90.0 MPH)
Batting: LHB Manuel Carmona 0-0: Called Strike
0-1: Foul Ball, location: 2F
0-2: Ball
1-2: Ground out 4-3 (Groundball, 34, EV 100.0 MPH)
Top of the 3rd over - 1 run, 4 hits, 0 errors, 2 left on base; D.C. 1 - Mississippi 0
BOTTOM OF THE 3RD
Mississippi Mockingbirds batting - Pitching for D.C. Divided : RHP Kyuichi Hori
Batting: LHB Wu-shun Chu 0-0: Called Strike
0-1: Ball
1-1: Ball
2-1: Foul Ball, location: 2F
2-2: Ground out 4-3 (Groundball, 4, EV 108.1 MPH)
Batting: RHB Quinn Albracht 0-0: Ball
1-0: Ball
2-0: Swinging Strike
2-1: Ball
3-1: Base on Balls
Batting: LHB Rylen Roersma 0-0: Ball
1-0: Ball
2-0: DOUBLE (Groundball, 3L, EV 101.9 MPH)
Quinn Albracht to third
Runner from 3rd tries for Home, SAFE, throw by RF to home
Batting: RHB Dean Shamakani 0-0: Called Strike
0-1: Ball
1-1: Swinging Strike
1-2: Ball
2-2: Ball
3-2: Foul Ball, location: 2F
3-2: Strikes out swinging
Batting: RHB Júlio Coronado 0-0: Called Strike
0-1: Called Strike
0-2: Ball
1-2: Foul Ball, location: 2F
1-2: Foul Ball, location: 2F
1-2: Ground out 1-3 (Groundball, P, EV 66.9 MPH)
Bottom of the 3rd over - 1 run, 1 hit, 0 errors, 1 left on base; D.C. 1 - Mississippi 1
TOP OF THE 4TH
D.C. Divided batting - Pitching for Mississippi Mockingbirds : RHP Todd Denton
Batting: SHB Billy Dotson 0-0: Ball
1-0: Swinging Strike
1-1: Ball
2-1: Called Strike
2-2: Foul Ball, location: 2F
2-2: Foul Ball, location: 2F
2-2: Strikes out swinging
Batting: RHB Martín Chávez 0-0: Called Strike
0-1: Ball
1-1: Ball
2-1: Ball
3-1: Fly out, F9 (Flyball, 9S, EV 85.6 MPH)
Batting: LHB Stanley Zijm 0-0: Ball
1-0: Called Strike
1-1: Fly out, F6 (Line Drive, 6M, EV 85.6 MPH)
Top of the 4th over - 0 runs, 0 hits, 0 errors, 0 left on base; D.C. 1 - Mississippi 1
BOTTOM OF THE 4TH
Mississippi Mockingbirds batting - Pitching for D.C. Divided : RHP Kyuichi Hori
Batting: LHB Seb Blanch 0-0: Swinging Strike
0-1: Called Strike
0-2: Ball
1-2: Ball
2-2: Ball
3-2: Base on Balls
Batting: RHB Doug Allerdale 0-0: Ball
1-0: Ball
2-0: Called Strike
2-1: Foul Ball, location: 2F
2-2: Strikes out swinging
Batting: LHB Riley Rowbery 0-0: Ball
1-0: Foul Ball, location: 2F
1-1: Ball
2-1: Foul Ball, location: 2F
2-2: Fly out, F9 (Flyball, 9LMF, EV 85.0 MPH)
Batting: RHB Jorge Muńóz 0-0: Ball
1-0: Called Strike
1-1: Fly out, F8 (Flyball, 89S, EV 80.6 MPH)
Bottom of the 4th over - 0 runs, 0 hits, 0 errors, 1 left on base; D.C. 1 - Mississippi 1
TOP OF THE 5TH
D.C. Divided batting - Pitching for Mississippi Mockingbirds : RHP Todd Denton
Batting: RHB Layton Arntsen 0-0: Ball
1-0: Fly out, F7 (Flyball, 78S, EV 83.1 MPH)
Batting: LHB Buddy Patton 0-0: Called Strike
0-1: Ball
1-1: Ball
2-1: Ball
3-1: Called Strike
3-2: Base on Balls
Batting: RHB Kimi Okubo 0-0: Ball
1-0: Swinging Strike
1-1: Swinging Strike
1-2: Ball
2-2: Ball
3-2: Base on Balls
Buddy Patton to second
Batting: LHB Bill Butler 0-0: Grounds into double play, 4-6-3 (Groundball, 4, EV 82.5 MPH)
Top of the 5th over - 0 runs, 0 hits, 0 errors, 1 left on base; D.C. 1 - Mississippi 1
BOTTOM OF THE 5TH
Mississippi Mockingbirds batting - Pitching for D.C. Divided : RHP Kyuichi Hori
Batting: LHB Wu-shun Chu 0-0: Ball
1-0: Ball
2-0: Foul Ball, location: 2F
2-1: Foul Ball, location: 2F
2-2: Ball
3-2: Base on Balls
Batting: RHB Quinn Albracht 0-0: Swinging Strike
0-1: Ball
1-1: Ball
2-1: Called Strike
2-2: Ball
3-2: Base on Balls
Wu-shun Chu to second
Batting: LHB Rylen Roersma 0-0: Called Strike
0-1: Fielders Choice at 2nd, 3-6 (Groundball, 3, EV 99.4 MPH)
Wu-shun Chu to third
Batting: RHB Dean Shamakani 0-0: Called Strike
0-1: Foul Ball, location: 2F
0-2: Ball
1-2: Foul Ball, location: 2F
1-2: Fly out, F6 (Line Drive, 6, EV 71.2 MPH)
Batting: RHB Júlio Coronado 0-0: Ball
1-0: Ball
2-0: Ball
3-0: Called Strike
3-1: Base on Balls
Rylen Roersma to second
Pitching: RHP John McNeill
Batting: LHB Seb Blanch 0-0: Foul Ball, location: 2F
0-1: Fielders Choice at 2nd, 5-4 (Groundball, 5, EV 88.1 MPH)
Bottom of the 5th over - 0 runs, 0 hits, 0 errors, 3 left on base; D.C. 1 - Mississippi 1
TOP OF THE 6TH
D.C. Divided batting - Pitching for Mississippi Mockingbirds : RHP Todd Denton
Batting: RHB Francisco Alhama 0-0: Ball
1-0: Foul Ball, location: 2F
1-1: Ball
2-1: Foul Ball, location: 2F
2-2: Fly out, F8 (Line Drive, 8RM, EV 98.1 MPH)
Pitching: RHP Clinton Repetto
Batting: LHB Manuel Carmona 0-0: Ground out 5-3 (Groundball, 56, EV 107.5 MPH)
Batting: SHB Billy Dotson 0-0: Ball
1-0: Called Strike
1-1: Ball
2-1: Ball
3-1: Base on Balls
Batting: RHB Martín Chávez 0-0: Ball
1-0: Ground out 6-3 (Groundball, 56D, EV 83.1 MPH)
Top of the 6th over - 0 runs, 0 hits, 0 errors, 1 left on base; D.C. 1 - Mississippi 1
BOTTOM OF THE 6TH
Mississippi Mockingbirds batting - Pitching for D.C. Divided : RHP John McNeill
Batting: RHB Doug Allerdale 0-0: Called Strike
0-1: Ground out 6-3 (Groundball, 56, EV 107.5 MPH)
Batting: LHB Riley Rowbery 0-0: Ball
1-0: Ground out U3 (Groundball, 3S, EV 84.4 MPH)
Batting: RHB Jorge Muńóz 0-0: Ball
1-0: SINGLE (Groundball, 5D, EV 96.2 MPH)
Batting: LHB Wu-shun Chu 0-0: Called Strike
0-1: Ball
1-1: Fly out, F8 (Flyball, 8LM, EV 87.5 MPH)
Bottom of the 6th over - 0 runs, 1 hit, 0 errors, 1 left on base; D.C. 1 - Mississippi 1
TOP OF THE 7TH
D.C. Divided batting - Pitching for Mississippi Mockingbirds : RHP Clinton Repetto
Batting: LHB Stanley Zijm 0-0: Foul Ball, location: 2F
0-1: Foul Ball, location: 2F
0-2: Foul Ball, location: 2F
0-2: Ball
1-2: Ball
2-2: Strikes out looking
Batting: RHB Layton Arntsen 0-0: Called Strike
0-1: Ball
1-1: SINGLE (Groundball, 4, EV 84.4 MPH) (infield hit)
Batting: LHB Buddy Patton 0-0: TRIPLE (Flyball, 89XD, EV 106.2 MPH)
Layton Arntsen scores
Batting: RHB Kimi Okubo 0-0: SINGLE (Groundball, 4, EV 82.5 MPH) (infield hit)
Buddy Patton scores
Batting: LHB Bill Butler 0-0: Ball
Kimi Okubo is caught stealing 2nd base 2-6
1-0: Ball
2-0: Ball
3-0: Called Strike
3-1: Base on Balls
Batting: RHB Francisco Alhama 0-0: Ball
1-0: Called Strike
1-1: Ball
2-1: SINGLE (Groundball, 6MD, EV 99.4 MPH)
Bill Butler to second
Batting: LHB Manuel Carmona 0-0: Ball
1-0: Ball
2-0: Called Strike
2-1: Ball
3-1: SINGLE (Groundball, 6D, EV 101.9 MPH)
Bill Butler to third
Francisco Alhama to second
Runner from 3rd tries for Home, SAFE, no throw by CF
Batting: SHB Billy Dotson 0-0: Ball
1-0: Ball
2-0: Ball
3-0: Fly out, F5 (Popup, 25, EV 76.9 MPH)
Top of the 7th over - 3 runs, 5 hits, 0 errors, 2 left on base; D.C. 4 - Mississippi 1
BOTTOM OF THE 7TH
Mississippi Mockingbirds batting - Pitching for D.C. Divided : RHP John McNeill
Batting: RHB Quinn Albracht 0-0: Swinging Strike
0-1: Swinging Strike
0-2: Foul Ball, location: 2F
0-2: Ball
1-2: Ground out 5-3 (Groundball, 56S, EV 85.0 MPH)
Batting: LHB Rylen Roersma 0-0: Ball
1-0: SINGLE (Line Drive, 34, EV 105.6 MPH)
Batting: RHB Dean Shamakani 0-0: Called Strike
0-1: Ball
1-1: Foul Ball, location: 2F
Pickoff Throw to First - Out! 1-3
1-2: Ball
2-2: Foul Ball, location: 2F
2-2: Strikes out swinging
Bottom of the 7th over - 0 runs, 1 hit, 0 errors, 0 left on base; D.C. 4 - Mississippi 1
TOP OF THE 8TH
D.C. Divided batting - Pitching for Mississippi Mockingbirds : RHP Clinton Repetto
Pitching: RHP Ewan Atwood
Batting: RHB Martín Chávez 0-0: Ball
1-0: Fly out, F8 (Flyball, 8RM, EV 82.5 MPH)
Batting: LHB Stanley Zijm 0-0: Ball
1-0: SOLO HOME RUN (Flyball, 89XD, EV 109.4 MPH), Distance : 376 ft
Batting: RHB Layton Arntsen 0-0: Foul Ball, location: 3F, Error on foul ball, E3
0-1: Ball
1-1: Foul Ball, location: 2F
1-2: Ball
2-2: Ball
3-2: DOUBLE (Flyball, 8RXD, EV 93.8 MPH)
Batting: LHB Buddy Patton 0-0: Ball
1-0: Ball
2-0: Swinging Strike
2-1: Swinging Strike
2-2: Strikes out swinging
Batting: RHB Kimi Okubo 0-0: Ball
1-0: Ball
2-0: Called Strike
2-1: Foul Ball, location: 2F
2-2: Ball
3-2: Base on Balls
Batting: LHB Bill Butler 0-0: Ball
Wild Pitch!
Layton Arntsen to third
Kimi Okubo to second
1-0: Called Strike
1-1: Foul Ball, location: 2F
1-2: Ball
2-2: DOUBLE (Line Drive, 78D, EV 111.9 MPH)
Layton Arntsen scores
Kimi Okubo scores
Batting: RHB Francisco Alhama 0-0: 2-RUN HOME RUN (Line Drive, 9D, EV 98.1 MPH), Distance : 358 ft
Pitching: RHP Tom Holloway
Batting: LHB Manuel Carmona 0-0: Ball
1-0: Ball
2-0: Ball
3-0: Base on Balls
Pinch Hitting: LHB Francisco Castro 0-0: Ball
1-0: Ball
2-0: Ball
3-0: Base on Balls
Manuel Carmona to second
Pinch Hitting: RHB Bartolo Álvarez 0-0: Foul Ball, location: 2F
0-1: Foul Ball, location: 2F
0-2: SINGLE (Groundball, 6MD, EV 112.5 MPH)
Manuel Carmona to third
Francisco Castro to second
Runner from 3rd tries for Home, SAFE, throw by CF to home
Batting: LHB Stanley Zijm 0-0: Ball
1-0: Ground out 4-3 (Groundball, 4, EV 81.9 MPH)
Top of the 8th over - 6 runs, 5 hits, 1 error, 2 left on base; D.C. 10 - Mississippi 1
BOTTOM OF THE 8TH
Mississippi Mockingbirds batting - Pitching for D.C. Divided : RHP John McNeill
Now at 3B: Francisco Castro
Now in LF: Bartolo Álvarez
Batting: RHB Júlio Coronado 0-0: Foul Ball, location: 2F
0-1: Ball
1-1: Foul Ball, location: 2F
1-2: Ground out 5-3 (Groundball, 56, EV 108.8 MPH)
Pitching: RHP José Hernández
Batting: LHB Seb Blanch 0-0: Called Strike
0-1: Ball
1-1: Foul Ball, location: 2F
1-2: Ground out 4-3 (Groundball, 4, EV 79.4 MPH)
Batting: RHB Doug Allerdale 0-0: Called Strike
0-1: Foul Ball, location: 2F
0-2: Foul Ball, location: 2F
0-2: Strikes out swinging
Bottom of the 8th over - 0 runs, 0 hits, 0 errors, 0 left on base; D.C. 10 - Mississippi 1
TOP OF THE 9TH
D.C. Divided batting - Pitching for Mississippi Mockingbirds : RHP Tom Holloway
Pitching: RHP Javier Benavides
Pinch Hitting: RHB Germán Pérez 0-0: Ball
1-0: Called Strike
1-1: Foul Ball, location: 2F
1-2: Ball
2-2: Strikes out swinging
Batting: LHB Buddy Patton 0-0: Ball
1-0: Called Strike
1-1: Fly out, F7 (Flyball, 7, EV 85.6 MPH)
Batting: RHB Kimi Okubo 0-0: Ball
1-0: Ball
2-0: Ball
3-0: Foul Ball, location: 2F
3-1: Called Strike
3-2: DOUBLE (Flyball, 8RXD, EV 92.5 MPH)
Batting: LHB Bill Butler 0-0: Ground out 4-3 (Groundball, 4S, EV 71.9 MPH)
Top of the 9th over - 0 runs, 1 hit, 0 errors, 1 left on base; D.C. 10 - Mississippi 1
BOTTOM OF THE 9TH
Mississippi Mockingbirds batting - Pitching for D.C. Divided : RHP José Hernández
Now at C: Germán Pérez
Batting: LHB Riley Rowbery 0-0: Fly out, F8 (Flyball, 8LM, EV 83.8 MPH)
Batting: RHB Jorge Muńóz 0-0: Ball
1-0: Ground out 6-3 (Groundball, 6, EV 93.1 MPH)
Batting: LHB Wu-shun Chu 0-0: Ball
1-0: Swinging Strike
1-1: Foul Ball, location: 2F
1-2: Ground out 3-1 (Groundball, 34S, EV 88.1 MPH)
Bottom of the 9th over - 0 runs, 0 hits, 0 errors, 0 left on base; D.C. 10 - Mississippi 1
Friday, March 26th, 2021 - OOTP Baseball 20.8 Build 74